 Dungeon Crawl Stone Soup version 0.21-a0-401-g0b6bec4 (webtiles) character file.

905 Moloch the Conjurer (level 8, 0/46 HPs)
             Began as an Octopode Wizard on Oct 21, 2017.
             Was an Initiate of Vehumet.
             Slain by Duvessa
             ... wielding a +0 short sword
              (7 damage)
             ... on level 5 of the Dungeon.
             The game lasted 00:11:59 (5572 turns).

Moloch the Conjurer (Octopode Wizard)               Turns: 5572, Time: 00:12:00

Health: 0/46       AC:  1    Str:  7    XL:     8   Next: 8%
Magic:  3/16       EV: 13    Int: 22    God:    Vehumet [......]
Gold:   178        SH:  0    Dex: 10    Spells: 7/18 levels left

rFire    . . .     SeeInvis +   (no weapon)
rCold    . . .     Gourm    .   (no shield)
rNeg     . . .     Faith    .   a - +0 hat
rPois    .         Spirit   .   (no amulet)
rElec    .         Reflect  .   t - ring of see invisible
rCorr    .         Harm     .   x - ring of wizardry
MR       .....                  (no ring)
Stlth    +++.......             (no ring)
HPRegen  0.15/turn              (no ring)
MPRegen  0.15/turn              (no ring)
                                (no ring)
                                (no ring)

@: no status effects
A: almost no armour, stealthy swim, amphibious, 8 rings, constrict 8, camouflage
1, gelatinous body 1
a: Renounce Religion


You were on level 5 of the Dungeon.
You worshipped Vehumet.
Vehumet was noncommittal.
You were hungry.

You visited 2 branches of the dungeon, and saw 6 of its levels.

You collected 178 gold pieces.

Inventory:

Missiles
 s - 2 curare-tipped needles
 v - 3 throwing nets (quivered)
Armour
 a - a +0 hat (worn)
 u - a +0 buckler
Jewellery
 t - a ring of see invisible (left tentacle)
 x - a ring of wizardry (right tentacle)
Wands
 k - a wand of flame (0/48)
Scrolls
 d - 2 scrolls of fog {unknown}
 e - 2 scrolls of enchant weapon {unknown}
 g - 2 scrolls of remove curse {unknown}
 j - 2 scrolls of magic mapping {unknown}
 l - 6 scrolls of identify
 m - 2 scrolls of teleportation {unknown}
 o - a scroll of immolation {unknown}
 p - a scroll of fear {unknown}
 q - 2 scrolls of amnesia {unknown}
Potions
 h - a potion of curing
 n - a potion of invisibility {unknown}
 r - a potion of flight {unknown}
 w - a potion of brilliance {unknown}
 z - a potion of haste {unknown}
Books
 b - a book of Minor Magic

   Spells                             Type                      Level
   a - Magic Dart                     Conjuration                  1
   b - Blink                          Translocation                2
   c - Call Imp                       Summoning                    2
   d - Slow                           Hexes                        2
   e - Conjure Flame                  Conjuration/Fire             3
   f - Mephitic Cloud                 Conjuration/Poison/Air       3
 y - a book of Burglary

   Spells                             Type                      Level
   a - Swiftness                      Charms/Air                   2
   b - Passwall                       Transmutation/Earth          2
   c - Passage of Golubria            Translocation                4
   d - Lee's Rapid Deconstruction     Earth                        5
   e - Darkness                       Hexes                        6
   f - Invisibility                   Hexes                        6
Comestibles
 c - 5 bread rations
 f - 3 meat rations
 i - 2 royal jellies


   Skills:
 - Level 2.0 Dodging
 - Level 2.6 Stealth
 + Level 5.9 Spellcasting
 + Level 6.9 Conjurations
 - Level 1.0 Summonings
 - Level 1.0 Translocations
 * Level 0.3 Fire Magic


You had 7 spell levels left.
You knew the following spells:

 Your Spells              Type           Power        Failure   Level  Hunger
a - Magic Dart            Conj           ####         1%          1    None
b - Blink                 Tloc           N/A          3%          2    None
c - Call Imp              Summ           ##......     3%          2    None
d - Mephitic Cloud        Conj/Pois/Air  ###.....     4%          3    #......
e - Conjure Flame         Conj/Fire      ###.....     2%          3    #......


Dungeon Overview and Level Annotations

Branches:
Dungeon (5/15)             Temple (1/1) D:4

Altars:
Ashenzari
Dithmenos
Elyvilon
Fedhas
Hepliaklqana
Kikubaaqudgha
Makhleb
Nemelex Xobeh
Okawaru
Qazlal
Sif Muna
Uskayaw
Vehumet
Wu Jian
Yredelemnul
Zin

Shops:
D:4 (%%}

Annotations:
D:5 Dowan, Duvessa


Innate Abilities, Weirdness & Mutations

You cannot wear most types of armour.
You are very stealthy in the water. (Stealth+)
You are amphibious.
You can wear up to eight rings at the same time.
You can use your tentacles to constrict eight enemies at once.
Your skin changes colour to match your surroundings (Stealth+).
Your rubbery body absorbs attacks. (AC +1, EV +1)


Message History

Duvessa hits you with a short sword!
You tentacle-slap Duvessa but do no damage.
Duvessa is severely wounded.
You constrict Duvessa. Duvessa closely misses you.
You tentacle-slap Duvessa but do no damage.
Duvessa is severely wounded.
You constrict Duvessa, but do no damage.
Duvessa hits you but does no damage. Duvessa hits you with a short sword!
* * * LOW HITPOINT WARNING * * *
It was a potion of curing.
You feel better.
You constrict Duvessa. Duvessa hits you with a short sword!
* * * LOW HITPOINT WARNING * * *
Dowan smirks and points a slender finger.
Okay, then.
You tentacle-slap Duvessa but do no damage.
Duvessa is severely wounded.
You constrict Duvessa.
Duvessa says, "When magic and the sword combine, nothing stands against them."
Duvessa hits you but does no damage. Duvessa hits you with a short sword!
You die...

#........... #.##
#.#......... ....
#.#......... ####
#.#....##...
#.#....'?.
#.#....##..# .
#e#....##..# .
#e#....##..#
#@#....##..#
#.#.#####..# #.#.#
#..# #.#.# #..#
#.#.# #..##
#.#.#####..<######
#.................
###.#####..#######
### #..#######


You could see Duvessa and Dowan.

Vanquished Creatures
  2 phantoms (D:4)
  A wyvern skeleton (D:5)
  3 scorpions (D:5)
  The ghost of Kavrick the Ruffian, a weakling HOMo (D:4)
  A howler monkey (D:4)
  A bullfrog skeleton (D:3)
  2 orc priests
  A gnoll shaman (D:5)
  An orc wizard (D:4)
  An iguana (D:4)
  Natasha (thrice) (D:4)
  2 worker ants (D:4)
  A hound skeleton (D:5)
  3 gnolls (D:5)
  4 adders
  An ooze (D:3)
  An adder zombie (D:5)
  A worm (D:2)
  An adder skeleton (D:4)
  11 orcs
  2 ball pythons
  3 giant cockroaches
  10 goblins
  2 hobgoblins (D:3)
  2 jackals (D:4)
  2 quokkas (D:2)
  8 bats
  A frilled lizard (D:1)
  5 kobolds
  A leopard gecko skeleton (D:4)
  7 rats
85 creatures vanquished.

Vanquished Creatures (others)
  8 fungi (D:5)
8 creatures vanquished.

Grand Total: 93 creatures vanquished

Notes
Turn   | Place    | Note
-------+----------+-------------------------------------------
     0 | D:1      | Moloch the Octopode Wizard began the quest for the Orb.
     0 | D:1      | Reached XP level 1. HP: 11/11 MP: 4/4
   418 | D:1      | Reached skill level 2 in Conjurations
   418 | D:1      | Reached XP level 2. HP: 17/17 MP: 1/6
  1156 | D:2      | Reached XP level 3. HP: 21/21 MP: 5/7
  1353 | D:2      | Found a glowing silver altar of Zin.
  1807 | D:3      | Found an ornate altar of the Wu Jian Council.
  1898 | D:3      | Learned a level 2 spell: Blink
  1901 | D:3      | Learned a level 2 spell: Call Imp
  1905 | D:3      | Learned a level 3 spell: Mephitic Cloud
  2109 | D:3      | Reached skill level 3 in Conjurations
  2109 | D:3      | Reached XP level 4. HP: 27/27 MP: 3/9
  2490 | D:3      | Reached XP level 5. HP: 24/31 MP: 1/11
  2556 | D:3      | Learned a level 3 spell: Conjure Flame
  3034 | D:4      | Found Cezoov's Food Emporium.
  3058 | D:4      | Reached skill level 4 in Conjurations
  3121 | D:4      | Reached XP level 6. HP: 36/36 MP: 2/12
  3186 | D:4      | Noticed a phantom
  3320 | D:4      | Noticed Natasha
  3323 | D:4      | Killed Natasha
  3366 | D:4      | Noticed Natasha
  3370 | D:4      | Killed Natasha
  3504 | D:4      | Noticed Kavrick's ghost (weakling HOMo)
  3514 | D:4      | Killed Kavrick's ghost
  3633 | D:4      | Noticed Natasha
  3636 | D:4      | Killed Natasha
  3636 | D:4      | Reached skill level 5 in Conjurations
  3638 | D:4      | Found Fovvoudime's Antique Weapon Boutique.
  4087 | D:4      | Found Daashy's Food Shop.
  4128 | D:4      | Noticed a phantom
  4141 | D:4      | Killed a phantom
  4141 | D:4      | Reached skill level 5 in Spellcasting
  4141 | D:4      | Reached XP level 7. HP: 34/41 MP: 3/14
  4335 | D:4      | Found a staircase to the Ecumenical Temple.
  4353 | D:4      | Found Takos's Gadget Shop.
  4389 | Temple   | Entered the Ecumenical Temple
  4638 | D:4      | Reached skill level 6 in Conjurations
  4738 | D:4      | Found a radiant altar of Vehumet.
  4741 | D:4      | Became a worshipper of Vehumet
  4777 | D:5      | Entered Level 5 of the Dungeon
  5195 | D:5      | Reached XP level 8. HP: 40/46 MP: 3/16
  5523 | D:5      | Noticed Duvessa
  5559 | D:5      | Noticed Dowan
  5572 | D:5      | Slain by Duvessa

Vault maps used:
D:1:      denvon_arrival_planthouse
D:2:      nicolae_overflow_crystal_walls, first_bread
D:3:      lemuel_round_altar
D:4:      lemuel_crystal_altar, minmay_temple_entry_enclosed_plants,
          serial_shops, nicolae_shop_trees, kennysheep_mini,
          nicolae_shop_crystal, shop, palyth_stone_intersect, uniq_natasha
D:5:      old_forge, uniq_duvessa
Temple:   nicolae_temple_figure_eight

Skill      XL: |  1  2  3  4  5  6  7 |
---------------+----------------------+-----
Conjurations   | 2 3 4 5 6 |  6.9
Spellcasting   | 4 5 |  5.9
Dodging        | |  2.0
Stealth        | |  2.6
Summonings     | |  1.0
Translocations | |  1.0
Fire Magic     | |  0.3

Action                   |  1- 3 |  4- 6 |  7- 9 || total
-------------------------+-------+-------+-------++-------
Melee: Unarmed           |     9 |    11 |    23 ||    43
       Constrict         |     2 |     2 |     4 ||     8
       Tentacles         |     1 |     3 |     5 ||     9
 Cast: Magic Dart        |    81 |   125 |   102 ||   308
       Mephitic Cloud    |       |     1 |     4 ||     5
       Conjure Flame     |       |     1 |     1 ||     2
       Blink             |       |       |     1 ||     1
Evoke: Wand              |       |       |     6 ||     6
  Use: Scroll            |       |       |     1 ||     1
       Potion            |       |       |     1 ||     1
  Eat: Chunk             |     3 |     5 |     4 ||    12
       Fruit             |       |     2 |       ||     2
Armor: Skin              |       |     6 |     1 ||     7
Dodge: Dodged            |     7 |    14 |    24 ||    45

Table legend:
 A = Spawn XP
 B = Non-spawn XP
 C = Spawn XP percentage of total XP
 D = Spawn monster count
 E = Non-spawn monster count
 F = Spawn count percentage of total count
 G = Total turns spent on level
                    A         B        C        D         E        F      G
               +---------+---------+-------+---------+---------+-------+---------
         Total |       0 |    1294 |   0.0 |       0 |      85 |   0.0 |  5572
               +---------+---------+-------+---------+---------+-------+---------
           D:1 |       0 |      16 |   0.0 |       0 |      10 |   0.0 |   707
           D:2 |       0 |      26 |   0.0 |       0 |      13 |   0.0 |  1005
           D:3 |       0 |     161 |   0.0 |       0 |      24 |   0.0 |  1686
           D:4 |       0 |     660 |   0.0 |       0 |      21 |   0.0 |  1420
           D:5 |       0 |     431 |   0.0 |       0 |      17 |   0.0 |   564
               +---------+---------+-------+---------+---------+-------+---------
